 Dungeon Crawl Stone Soup version 0.29.1-1-gd02db6906a (webtiles) character file.

Game seed: 15200495390921361563

27 hawla the Gusty (level 3, 0/26 HPs)
             Began as a Meteoran Air Elementalist on Oct 15, 2022.
             Slain by a hobgoblin (4 damage)
             ... on level 1 of the Dungeon.
             The game lasted 00:02:15 (309 turns).

hawla the Gusty (Meteoran Air Elementalist)          Turns: 309, Time: 00:02:15

Health: 0/26       AC:  2    Str: 10    XL:     3   Next: 44%
Magic:  6/8        EV: 12    Int: 18    God:
Gold:   17         SH:  0    Dex: 14    Spells: 4/7 levels left

rFire   + . .      SeeInvis .   e - +3 glaive (flame)
rCold   + . .      Faith    .   (shield currently unavailable)
rNeg    . . .      Spirit   .   a - +0 robe
rPois   +          Reflect  .   (no helmet)
rElec   +          Harm     .   (no cloak)
rCorr   +          Rampage  .   (no gloves)
Will    .....                   (no boots)
Stlth   +.........              (no amulet)
HPRegen 0.08/turn               (no ring)
MPRegen 0.11/turn               (no ring)

@: resistant, weak-willed, very slightly contaminated, glowing
A: sense surroundings 1, otherworldly, glowing, explore regen
a: no special abilities


You were on level 1 of the Dungeon.
You visited 1 branch of the dungeon, and saw 1 of its levels.

You collected 17 gold pieces.

Inventory:

Hand Weapons
 e - a +3 glaive of flaming (weapon)
Armour
 a - a +0 robe (worn)
Magical Staves
 d - a staff of poison
Scrolls
 g - a scroll of identify {unknown}
 i - 2 scrolls of teleportation {unknown}
Potions
 c - 2 potions of resistance
 h - a potion of curing


   Skills:
 + Level 2.4 Dodging
 - Level 1.4 Stealth
 + Level 2.9 Spellcasting
 + Level 1.2 Conjurations
 + Level 3.7 Air Magic
 + Level 2.0 Poison Magic
 + Level 2.0 Evocations


You had 4 spell levels left.
You knew the following spells:

 Your Spells              Type           Power      Damage    Failure   Level
a - Shock                 Conj/Air       44%        1d5       6%          1
b - Static Discharge      Conj/Air       11%        3-5/arc   9%          2

Your spell library contained the following spells:

 Spells                   Type           Power      Damage    Failure   Level
 Swiftness                Air            16%        N/A       11%         3
 Airstrike                Air            8%         2d(2-18)  34%         4


Dungeon Overview and Level Annotations

Branches:
Dungeon (1/15) Zot: 289

Altars:


Innate Abilities, Weirdness & Mutations

You passively map a small area around you.
You are easily found by Zot.
You glow in the dark.
You regain HP and MP as you explore.


Message History

A jackal comes into view.
The hobgoblin completely misses you. The giant cockroach bites you.
This is a scroll of acquirement!
Something appears at your feet! The bat barely misses you.
The bat hits you but does no damage. The giant cockroach bites you.
The hobgoblin hits you.
Unknown command.
Your +3 glaive of flaming bursts into flame!
e - a +3 glaive of flaming (weapon)
The bat hits you but does no damage. The giant cockroach barely misses you.
The hobgoblin hits you.
* * * LOW HITPOINT WARNING * * *
Unknown command.
It was a potion of resistance.
You feel protected. The bat closely misses you.
A jackal comes into view.
The giant cockroach barely misses you. The hobgoblin hits you.
* * * LOW HITPOINT WARNING * * *
Unknown command.
It was a potion of curing.
You feel better. The bat hits you but does no damage.
The giant cockroach completely misses you.
The hobgoblin hits you but does no damage.
Magic courses through your body. The bat hits you but does no damage.
The giant cockroach bites you but does no damage.
The hobgoblin hits you.
* * * LOW HITPOINT WARNING * * *
Casting: Static Discharge (safe; 10% risk of failure)
Confirm with . or Enter, or press ? or * to list all spells.
The frilled lizard is struck by an arc of lightning.
You kill the frilled lizard!
The bat is struck by an arc of lightning.
You kill the bat!
The giant cockroach is struck by an arc of lightning.
You kill the giant cockroach!
You resist.
You are struck by an arc of lightning.
The hobgoblin closely misses you. The hobgoblin attacks as you move away!
The hobgoblin hits you.
You die... , , * * ,.......... , ........ ** ,....... ..... , ,,hhg. , * , #Sh

, #g#* ######@#####
*,,,* #....†.†...##
#............##
.......(......#####
*................[.# *
................#.#####
.......................
.......†......#.#.######
#............##.......#.


You could see 3 jackals, 2 hobgoblins and a ball python (weak-willed).

Vanquished Creatures
  A gnoll (D:1)
  A dart slug (D:1)
  2 bats (D:1)
  An endoplasm (D:1)
  2 giant cockroaches (D:1)
  A goblin (D:1)
  2 jackals (D:1)
  A kobold (D:1)
  A quokka (D:1)
  A ball python (D:1)
  A frilled lizard (D:1)
14 creatures vanquished.

Notes
Turn   | Place    | Note
-------+----------+-------------------------------------------
     0 | D:1      | hawla the Meteoran Air Elementalist began the quest for the
                  | Orb.
     0 | D:1      | Reached XP level 1. HP: 14/14 MP: 5/5
   172 | D:1      | Reached skill level 1 in Poison Magic
   172 | D:1      | Reached skill level 1 in Evocations
   172 | D:1      | Reached XP level 2. HP: 19/20 MP: 2/6
   276 | D:1      | Reached XP level 3. HP: 5/26 MP: 0/8
   282 | D:1      | Learned a level 2 spell: Static Discharge
   303 | D:1      | Identified a scroll of acquirement
   303 | D:1      | Acquired a +3 glaive of flaming
   305 | D:1      | HP: 1/26 [hobgoblin (5)]
   309 | D:1      | Slain by a hobgoblin

Illustrated notes

Levels and vault maps discovered:
D:1:      giann_forest_graveyard, layout_rooms, serial_shops, shop,
          minmay_tromino_i2

Skill      XL: |  1  2 |
---------------+-------+-----
Poison Magic   | 1 2 |  2.0
Evocations     | 1 2 |  2.0
Dodging        | |  2.4
Stealth        | |  1.4
Spellcasting   | |  2.9
Conjurations   | |  1.2
Air Magic      | |  3.7

Action                   || total
-------------------------++-------
Melee: Staff             ||    15
 Cast: Shock             ||    25
       Static Discharge  ||     1
  Use: Potion            ||     3
       Scroll            ||     2
Armor: Robe              ||    18
Dodge: Dodged            ||    28
